 Dungeon Crawl Stone Soup version 0.31-a0-1178-gc5c9b8f871 (webtiles) character file.

Game seed: 3401795664363946344

22755 javelincjr the Fighter (level 13, 0/99 HPs)
             Began as a Djinni Hedge Wizard on Dec 7, 2023.
             Was a High Priest of Qazlal.
             Slain by a five-headed hydra (8 damage)
             ... on level 3 of the Lair of Beasts on Dec 11, 2023.
             The game lasted 01:20:56 (13306 turns).

javelincjr the Fighter (Djinni Hedge Wizard)       Turns: 13306, Time: 01:20:57

Health: 0/99       AC: 15    Str:  9    XL:     13   Next: 30%
Gold:   678        EV: 21    Int: 22    God:    Qazlal [*****.] SH: 12 Dex: 14

rFire   + + +        a - +7 orcbow (elec)
rCold   x . .        (shield currently unavailable)
rNeg    . . .        l - +2 robe "Xiumoc" {rF+ Int+2 Archmagi}
rPois   ∞            B - +2 helmet
rElec   .            d - +0 cloak
rCorr   .            (no gloves)
SInv    .            (boots unavailable)
Will    +....        U - amulet of reflection
Stlth   ++           c - +5 ring of evasion
HPRegen 0.36/turn    T - +4 ring of protection
MPRegen 0.00/turn

%: repel missiles, reflection, archmagi, infuse magic (-1 HP)
@: protected from physical damage, flying
A: sickness immunity, fire resistance 2, cold vulnerability 1, float, innate
caster, HP casting, extra vitality 1, noise suppression
a: Renounce Religion, Upheaval, Elemental Force, Disaster Area


You were on level 3 of the Lair of Beasts.
You worshipped Qazlal.
Qazlal was extremely pleased with you.
You visited 3 branches of the dungeon, and saw 14 of its levels.
You also visited: Ossuary.

You collected 678 gold pieces.

Inventory:

Hand Weapons
 a - a +7 orcbow of electrocution (weapon)
 b - a +3 spectral quarterstaff
 j - a +2 whip of holy wrath
 r - a +2 mace of venom
 y - a +0 spear
 K - a +0 short sword of protection
 N - a +3 vampiric demon blade
 O - a +2 short sword of draining
 P - the +5 scimitar of the Depths {flame, rCorr}
   (You found it on level 9 of the Dungeon)

   rCorr:     It protects you from acid and corrosion.
Missiles
 L - 2 curare-tipped darts
Armour
 d - a +0 cloak (worn)
 l - the +2 robe "Xiumoc" (worn) {rF+ Int+2 Archmagi}
   (You found it on level 2 of the Dungeon)

   Int+2:     It affects your intelligence (+2).
   rF+:       It protects you from fire.
   Archmagi:  It increases the power of your magical spells.
 B - a +2 helmet (worn)
 Q - a +2 buckler of protection
 R - +0 steam dragon scales
Magical Staves
 H - a staff of fire
Jewellery
 c - a +5 ring of evasion (left hand)
 I - a ring of positive energy
 T - a +4 ring of protection (right hand)
 U - an amulet of reflection (around neck)
Wands
 A - a wand of polymorph (11)
 M - a wand of paralysis (12)
 S - a wand of digging (5)
Scrolls
 f - a scroll of revelation {unknown}
 g - a scroll of silence {unknown}
 i - 4 scrolls of poison
 m - 2 scrolls of noise {unknown}
 o - 4 scrolls of teleportation
 s - 2 scrolls of enchant armour {unknown}
 v - a scroll of torment {unknown}
 C - 4 scrolls of blinking
 F - 2 scrolls of immolation
 G - 2 scrolls of fear {unknown}
 J - 2 scrolls of butterflies
Potions
 e - a potion of mutation
 h - 3 potions of brilliance
 k - 13 potions of ambrosia
 n - 6 potions of curing
 p - 3 potions of resistance
 q - 3 potions of heal wounds
 t - 2 potions of cancellation
 u - a potion of degeneration {unknown}
 w - 3 potions of lignification
 x - 2 potions of berserk rage
 z - 4 potions of enlightenment
 D - a potion of haste
 E - 5 potions of attraction


   Skills:
 * Level 11.3 Fighting
 + Level 4.9 Ranged Weapons
 + Level 9.1 Dodging
 + Level 7.1 Stealth
 * Level 8.9 Spellcasting
 * Level 8.9 Conjurations
 * Level 8.9 Hexes
 * Level 8.9 Summonings
 * Level 8.9 Necromancy
 * Level 8.9 Translocations
 * Level 8.9 Transmutations
 * Level 8.9 Fire Magic
 * Level 8.9 Ice Magic
 * Level 8.9 Air Magic
 * Level 8.9 Earth Magic
 * Level 8.9 Poison Magic
 + Level 7.4 Invocations


You knew the following spells:

 Your Spells              Type           Power      Damage    Failure   Level
a - Magic Dart            Conj           100%       1d8       1%          1
b - Slow                  Hex            100%       N/A       1%          1
c - Blink                 Tloc           100%       N/A       1%          2
d - Call Imp              Summ           100%       N/A       1%          2
e - Mephitic Cloud        Conj/Pois/Air  65%        N/A       1%          3
f - Freeze                Ice            100%       1d10      1%          1
g - Passwall              Tmut/Erth      54%        N/A       1%          2
h - Jinxbite              Hex            100%       N/A       1%          2
i - Airstrike             Air            32%        2d(5-21)  1%          4
j - Summon Mana Viper     Hex/Summ       65%        N/A       4%          5
k - Summon Forest         Summ/Tloc      32%        N/A       4%          5
Your spell library was empty.

Dungeon Overview and Level Annotations

Branches:
Dungeon (10/15)            Temple (1/1) D:4            Lair (3/5) D:9
  Snake (0/4) Lair:2      Ossuary (visited)
  Swamp: Lair:2-3    Shoals: Lair:2-3       Orc: D:9-12

Altars:
Ashenzari
Cheibriados
Dithmenos
Elyvilon
Fedhas
Gozag
Hepliaklqana
Makhleb
Nemelex Xobeh
Okawaru
Qazlal
Ru
Trog
Uskayaw
Wu Jian
Xom
Yredelemnul
Zin
The Shining One

Shops:
D:9 ?

Annotations:
Lair:1 1 runed translucent door, Zonian's ghost, novice DgCj


Innate Abilities, Weirdness & Mutations

You are immune to sickness and miasma.
You are immune to poison.
Your flesh is very heat resistant. (rF++)
You are vulnerable to cold. (rC-)
You float through the air rather than walking.
You learn spells naturally, not from books.
Your magical power is your life essence.
You have superior vitality. (+4 MHP)
You passively dampen the noise of your surroundings.


Message History

The five-headed hydra completely misses you.
The five-headed hydra bites you.
* * * LOW HITPOINT WARNING * * *
You feel more protected from physical attacks.
You block the five-headed hydra's attack.
The five-headed hydra attacks as it pursues you!
The five-headed hydra bites you.
* * * LOW HITPOINT WARNING * * *
You feel more protected from physical attacks.
The five-headed hydra bites you.
* * * LOW HITPOINT WARNING * * *
You block the five-headed hydra's attack.
The five-headed hydra completely misses you.
The five-headed hydra closely misses you.
Space becomes stable.
Casting: Freeze (safe; 1% risk of failure)
Confirm with . or Enter, or press ? or * to list all spells.
Aiming: Freeze (safe; 1% risk of failure)
Press: ? - help, Shift-Dir - straight line, f/p - five-headed hydra
Aim: a five-headed hydra (severely wounded, slow)
You feel a surge of power!
You freeze the five-headed hydra.
The five-headed hydra is severely wounded.
The five-headed hydra seems to slow down.
* * * LOW HITPOINT WARNING * * *
Casting: Freeze (safe; 1% risk of failure)
Confirm with . or Enter, or press ? or * to list all spells.
Aiming: Freeze (safe; 1% risk of failure)
Press: ? - help, Shift-Dir - straight line, f/p - five-headed hydra
Aim: a five-headed hydra (severely wounded, slow)
You feel a surge of power!
You freeze the five-headed hydra.
The five-headed hydra is severely wounded.
The five-headed hydra seems to slow down.
* * * LOW HITPOINT WARNING * * *
You block the five-headed hydra's attack.
The five-headed hydra completely misses you.
The five-headed hydra bites you!
* * * LOW HITPOINT WARNING * * *
The five-headed hydra bites you but does no damage.
The five-headed hydra bites you!
You die...

..(. ....# .....# ♣##
......###.# ♣##♣##
#.......P.###.#..####P
.......○.○............
.....○○§.○............
.......@°.............
.....§.D.†............
......Y.☼†.......|....
P...........>.........
######.##......##.....
## ♣#.....# ..#
#...... # ......
♣...#..


You could see a five-headed hydra (slow) and an elephant (confused).

Vanquished Creatures
  A catoblepas (Lair:1)
  A boulder beetle (Lair:1)
  4 lindwurms (D:9)
  The ghost of Hubris850 the Slicer, a novice SpEn of Uskayaw (D:7)
  5 elephants (Lair:3)
  A black mamba (Lair:2)
  3 cane toads
  2 gargoyles (D:10)
  Maggie (D:9)
  A rime drake (D:9)
  6 komodo dragons
  A queen bee (Lair:1)
  A nameless horror (D:10)
  11 blink frogs
  A wyvern (Lair:2)
  2 basilisks (Lair:2)
  8 yaks
  A steam dragon (D:8)
  A vampire mosquito (D:9)
  4 water moccasins
  An acid dragon (D:10)
  2 orc warriors
  4 ice beasts
  A sky beast (D:8)
  Pargi (D:4)
  2 ogres
  6 wolves
  4 centaurs
  6 kobold brigands
  2 phantoms
  6 bullfrogs
  3 elf zombies (Ossuary)
  2 scorpions
  22 killer bees
  3 howler monkeys
  A centaur zombie (Ossuary)
  4 hounds
  A sleepcap (D:5)
  2 human zombies (Ossuary)
  A gnoll bouda (D:6)
  4 iguanas
  11 orc wizards
  3 mummies (Ossuary)
  Robin (D:4)
  5 gnolls (D:6)
  4 adders
  2 worms (D:5)
  2 dart slugs
  23 orcs
  5 endoplasms
  2 giant cockroaches (D:3)
  5 goblins
  7 hobgoblins
  A quokka (D:4)
  7 ball pythons
  7 bats
  2 frilled lizards (D:1)
  32 kobolds
  5 rats
258 creatures vanquished.

Vanquished Creatures (collateral kills)
  A black mamba (Lair:1)
  4 cane toads
  A guardian serpent (Lair:2)
  6 yaks (D:10)
  2 vampire mosquitoes (D:9)
  An acid dragon (D:9)
  A water moccasin (Lair:2)
  A sky beast (D:8)
  2 orc warriors
  2 ice beasts (D:9)
  A wolf (Lair:1)
  3 elf zombies (Ossuary)
  2 kobold brigands
  2 bullfrogs
  A killer bee (D:9)
  2 hounds
  2 human zombies (Ossuary)
  A centaur zombie (Ossuary)
  An orc wizard (D:3)
  6 gnolls (D:6)
  An adder (D:2)
  A white imp (D:4)
  12 orcs
  An endoplasm (D:2)
  2 goblins
  A hobgoblin (D:4)
  A quokka (D:5)
  15 kobolds
  A rat (D:2)
77 creatures vanquished.

Vanquished Creatures (others)
  An orc wizard (D:9)
1 creature vanquished.

Grand Total: 336 creatures vanquished

Notes
Turn   | Place    | Note
-------+----------+-------------------------------------------
     0 | D:1      | javelincjr the Djinni Hedge Wizard began the quest for the
                  | Orb.
     0 | D:1      | javelincjr set off with the following spells memorised:
                  | Magic Dart, Slow, Blink, Call Imp, Mephitic Cloud.
     0 | D:1      | Reached XP level 1. HP: 15/15 MP: 0/0
   177 | D:1      | Reached XP level 2. HP: 21/22 MP: 0/0
   214 | D:1      | Reached skill level 1 in Fighting
   589 | D:2      | Identified the +2 robe "Xiumoc" {rF+ Int+2 Archmagi}
   718 | D:2      | Reached XP level 3. HP: 18/27 MP: 0/0
   718 | D:2      | Learned a level 1 spell: Freeze
   974 | D:2      | Reached XP level 4. HP: 31/33 MP: 0/0
   976 | D:2      | Reached skill level 2 in Fighting
  1229 | D:3      | Found a stormy altar of Qazlal.
  1229 | D:3      | Noticed an earth elemental
  1234 | D:3      | Noticed a water elemental
  1234 | D:3      | Noticed an air elemental
  1234 | D:3      | Noticed a fire elemental
  1240 | D:3      | Became a worshipper of Qazlal Stormbringer
  1269 | D:3      | Found an ornate altar of the Wu Jian Council.
  1544 | D:3      | Reached XP level 5. HP: 36/39 MP: 0/0
  1544 | D:3      | Learned a level 2 spell: Passwall
  2120 | D:4      | Reached skill level 3 in Fighting
  2157 | D:4      | Found a staircase to the Ecumenical Temple.
  2167 | D:4      | Upgraded the game from 0.31-a0-1074-g0b22e4e0f1 to
                  | 0.31-a0-1178-gc5c9b8f871
  2173 | Temple   | Entered the Ecumenical Temple
  2197 | D:4      | Reached XP level 6. HP: 25/46 MP: 0/0
  2284 | D:4      | Reached * piety under Qazlal
  2301 | D:4      | Found a broken altar of Ashenzari.
  2526 | D:4      | Noticed an ogre
  2531 | D:4      | Killed an ogre
  2953 | D:4      | Reached XP level 7. HP: 35/51 MP: 0/0
  2953 | D:4      | Learned a level 2 spell: Jinxbite
  3108 | D:4      | Found a hazy altar of Hepliaklqana.
  3109 | D:4      | Found a shimmering altar of Xom.
  3110 | D:4      | Noticed a spectral ugly thing
  3167 | D:4      | Noticed Pargi
  3176 | D:4      | Killed Pargi
  3177 | D:4      | Reached skill level 4 in Fighting
  3234 | D:4      | Noticed Robin
  3242 | D:4      | Killed Robin
  3417 | D:5      | Entered Level 5 of the Dungeon
  3446 | D:5      | Reached skill level 1 in Invocations
  4052 | D:5      | Reached XP level 8. HP: 54/58 MP: 0/0
  4590 | D:5      | Found a sacrificial altar of Ru.
  4634 | D:5      | Reached skill level 5 in Fighting
  5008 | D:6      | Found a sparkling altar of Nemelex Xobeh.
  5012 | D:6      | Found a blossoming altar of Fedhas.
  5104 | D:6      | Reached ** piety under Qazlal
  5266 | D:6      | Reached skill level 5 in Spellcasting
  5266 | D:6      | Reached skill level 5 in Conjurations
  5266 | D:6      | Reached skill level 5 in Hexes
  5266 | D:6      | Reached skill level 5 in Summonings
  5266 | D:6      | Reached skill level 5 in Necromancy
  5266 | D:6      | Reached skill level 5 in Translocations
  5266 | D:6      | Reached skill level 5 in Transmutations
  5266 | D:6      | Reached skill level 5 in Fire Magic
  5266 | D:6      | Reached skill level 5 in Ice Magic
  5266 | D:6      | Reached skill level 5 in Air Magic
  5266 | D:6      | Reached skill level 5 in Earth Magic
  5266 | D:6      | Reached skill level 5 in Poison Magic
  5524 | D:6      | Reached skill level 5 in Dodging
  5783 | D:7      | Reached XP level 9. HP: 58/66 MP: 0/0
  5783 | D:7      | Learned a level 4 spell: Airstrike
  5849 | D:7      | Reached skill level 6 in Fighting
  5880 | D:7      | Found a sand-covered staircase.
  5885 | Ossuary  | Entered an ossuary
  7067 | D:7      | Reached *** piety under Qazlal
  7068 | D:7      | Reached skill level 7 in Fighting
  7252 | D:7      | Found a large runed translucent door.
  7252 | D:7      | Found a large runed translucent door.
  7256 | D:7      | Noticed Hubris850's ghost (novice SpEn)
  7442 | D:7      | Killed Hubris850's ghost
  7443 | D:7      | Reached XP level 10. HP: 58/75 MP: 0/0
  7923 | D:8      | Reached skill level 1 in Ranged Weapons
  8288 | D:8      | Found a faded altar of an unknown god.
  8288 | D:8      | Found a glowing golden altar of the Shining One.
  8296 | D:8      | Found an iron altar of Okawaru.
  8299 | D:8      | Found a hide-covered altar of Uskayaw.
  8301 | D:8      | Found a snail-covered altar of Cheibriados.
  8314 | D:8      | Gained mutation: You passively dampen the noise of your
                  | surroundings. [potion of mutation]
  8525 | D:9      | Found Keuhak's Magic Scroll Boutique.
  8638 | D:9      | Reached skill level 8 in Fighting
  8729 | D:9      | Noticed a rime drake
  8735 | D:9      | Reached **** piety under Qazlal
  8742 | D:9      | Killed a rime drake
  8791 | D:9      | Noticed a lindwurm
  8800 | D:9      | Noticed a lindwurm
  8802 | D:9      | Noticed a lindwurm
  8806 | D:9      | Noticed a lindwurm
  8813 | D:9      | Killed a lindwurm
  8814 | D:9      | Reached skill level 5 in Stealth
  8814 | D:9      | Reached skill level 5 in Invocations
  8821 | D:9      | Killed a lindwurm
  8822 | D:9      | Reached XP level 11. HP: 68/82 MP: 0/0
  8822 | D:9      | Learned a level 5 spell: Summon Mana Viper
  8832 | D:9      | Killed a lindwurm
  8843 | D:9      | Killed a lindwurm
  8944 | D:9      | Identified the +5 scimitar of the Depths {flame, rCorr}
  9075 | D:9      | Reached skill level 9 in Fighting
  9195 | D:9      | Noticed Maggie
  9218 | D:9      | Killed Maggie
  9596 | D:9      | Found a staircase to the Lair.
  9728 | D:10     | Entered Level 10 of the Dungeon
 10824 | Lair:1   | Entered Level 1 of the Lair of Beasts
 10841 | Lair:1   | Reached XP level 12. HP: 45/91 MP: 0/0
 11093 | Lair:1   | Noticed a catoblepas
 11105 | Lair:1   | Found a runed translucent door.
 11109 | Lair:1   | Found a shimmering altar of Xom.
 11109 | Lair:1   | Noticed Zonian's ghost (novice DgCj)
 11110 | Lair:1   | Noticed a +0 war axe of chaos
 11207 | Lair:1   | Reached skill level 10 in Fighting
 11253 | Lair:1   | Noticed a boulder beetle
 11264 | Lair:1   | Killed a boulder beetle
 11546 | Lair:1   | Killed a catoblepas
 11546 | Lair:1   | Reached ***** piety under Qazlal
 12997 | Lair:2   | Found a staircase to the Snake Pit.
 13006 | Lair:2   | Reached XP level 13. HP: 82/98 MP: 0/0
 13006 | Lair:2   | Learned a level 5 spell: Summon Forest
 13007 | Lair:2   | Reached skill level 11 in Fighting
 13272 | Lair:2   | You are sucked into a shaft and drop 1 floor!
 13286 | Lair:3   | Noticed a five-headed hydra
 13306 | Lair:3   | Slain by a five-headed hydra

Illustrated notes

Levels and vault maps discovered:
D:1:      pf_arrival_petrified_forest, layout_rooms
D:2:      layout_basic
D:3:      layout_basic, nicolae_qazlal_style_of_elements,
          mainiacjoe_overflow_six_doors_small
D:4:      layout_cave_pods, regret_index_temple_of_mockery, ashenzari_altar_1,
          minmay_temple_entry_drinking_statues, minmay_misc_feat_roman,
          chequers_serial_rivers_micro_d, uniq_pargi, uniq_robin
D:5:      layout_layer_cave, lemuel_tele_altar
D:6:      layout_loops_ring, minitemple
D:7:      layout_basic, kiku_gazebo_pond_becter, ebering_ghost_disaster_area,
          lightli_ossuary_entry_decrepit_ruins, palyth_stone_intersect
D:8:      layout_basic, chequers_temple_overflow_minitemple
D:9:      layout_basic, hellmonk_lair_entry_icy, serial_shops,
          nicolae_shop_hallway_stairs, minmay_lindwurm_lava, uniq_maggie
D:10:     layout_gridville, minmay_misc_feat_alley, minmay_misc_feat_square
Temple:   hellmonk_temple_two_chambers
Lair:1:   layout_gridlike, special_room [special_room_bee], ebering_ghost_xom,
          grunt_megastairs_2
Lair:2:   layout_cave_pods, shoals_dummy_entry, minmay_snake_entry_spellcaster
Lair:3:   layout_hall_layers, ebering_ghost_rock_garden,
          kilobyte_rumbling_trees, grunt_megastairs_4, uniq_amaemon,
          uniq_nessos, uniq_fannar, uniq_nergalle

Skill      XL: |  1  2  3  4  5  6  7  8  9 10 11 12 13 |
---------------+----------------------------------------+-----
Spellcasting   | 3 4 5 6 7 8 |  8.9
Conjurations   | 3 4 5 6 7 8 |  8.9
Hexes          | 3 4 5 6 7 8 |  8.9
Summonings     | 3 4 5 6 7 8 |  8.9
Necromancy     | 3 4 5 6 7 8 |  8.9
Translocations | 3 4 5 6 7 8 |  8.9
Transmutations | 3 4 5 6 7 8 |  8.9
Fire Magic     | 3 4 5 6 7 8 |  8.9
Ice Magic      | 3 4 5 6 7 8 |  8.9
Air Magic      | 3 4 5 6 7 8 |  8.9
Earth Magic    | 3 4 5 6 7 8 |  8.9
Poison Magic   | 3 4 5 6 7 8 |  8.9
Fighting       | 1 2 3 4 5 7 8 9 10 11 | 11.3
Dodging        | 3 4 5 6 7 8 9 |  9.1
Stealth        | 2 3 4 5 6 7 |  7.1
Invocations    | 1 2 4 5 6 7 |  7.4
Ranged Weapons | 2 3 4 |  4.9

Action                     |  1- 3 |  4- 6 |  7- 9 | 10-12 | 13-15 || total
---------------------------+-------+-------+-------+-------+-------++-------
  Melee: Mace              |       |    14 |    51 |       |       ||    65
         Short sword       |       |       |   176 |       |       ||   176
         Punch             |       |       |     4 |       |       ||     4
         Quarterstaff      |       |       |       |    42 |       ||    42
   Fire: Orcbow            |       |       |       |   198 |    46 ||   244
   Cast: Magic Dart        |    55 |    90 |    65 |     4 |       ||   214
         Call Imp          |     3 |    13 |    46 |    63 |     4 ||   129
         Slow              |     1 |       |     2 |       |       ||     3
         Freeze            |       |     6 |    18 |     8 |     5 ||    37
         Blink             |       |     3 |     1 |     4 |     2 ||    10
         Mephitic Cloud    |       |     1 |     8 |     8 |     6 ||    23
         Jinxbite          |       |       |     4 |     2 |       ||     6
         Airstrike         |       |       |    32 |   113 |     3 ||   148
         Summon Mana Viper |       |       |       |    23 |       ||    23
         Summon Forest     |       |       |       |       |     1 ||     1
    Use: Potion            |       |     2 |       |     1 |       ||     3
         Scroll            |       |       |     8 |    15 |       ||    23
   Stab: Sleeping          |       |     1 |       |       |       ||     1
         Confused          |       |       |     2 |     1 |       ||     3
         Distracted        |       |       |       |     1 |       ||     1
 Armour: Robe              |     8 |    56 |   127 |    78 |    27 ||   296
  Dodge: Dodged            |     9 |    61 |   128 |   180 |    38 ||   416
         Repelled          |       |       |       |     7 |       ||     7
  Block: Other             |       |     2 |    27 |    34 |    11 ||    74

Table legend: (Time is in decaauts)
 A = Elapsed time spent in this place.
 B = Non-inter-level travel time spent in this place.
 C = Inter-level travel time spent in this place.
 D = Time resting spent in this place.
 E = Time spent auto-exploring this place.
 F = Levels seen in this place.
 G = Mean time per level.
                   A        B        C        D        E       F      G
               +--------+--------+--------+--------+--------+-----+--------+
         Total |  13410 |  13117 |    293 |   1335 |   9065 |  15 |  894.0 |
       Dungeon |   9828 |   9536 |    292 |    476 |   7172 |  10 |  982.8 |
        Temple |    268 |    268 |      0 |    235 |      0 |   1 |  268.0 |
          Lair |   2513 |   2513 |      0 |    181 |   1853 |   3 |  837.7 |
       Ossuary |    799 |    799 |      0 |    443 |     40 |   1 |  799.0 |
               +--------+--------+--------+--------+--------+-----+--------+

Top non-repeatable levels by time:
  Lair:1: 1969 daAuts
     D:5: 1307 daAuts
     D:9: 1292 daAuts
     D:6: 1071 daAuts
    D:10: 1052 daAuts
     D:4: 1042 daAuts
     D:7: 1032 daAuts
     D:8: 935 daAuts
 Ossuary: 799 daAuts
     D:3: 798 daAuts
     D:2: 711 daAuts
     D:1: 584 daAuts
  Lair:2: 507 daAuts
  Temple: 268 daAuts
  Lair:3: 36 daAuts
